 Dungeon Crawl Stone Soup version 0.27.1-34-g3ba077fa99 (webtiles) character file.

Game seed: 14436018769587000936

1 cbfl8 the Sneak (level 1, -4/20 HPs)
             Began as a Minotaur Delver on Jan 20, 2022.
             Killed by divine providence
             ... invoked by an orc priest
              (10 damage)
             ... on level 3 of the Dungeon.
             The game lasted 00:00:20 (141 turns).

cbfl8 the Sneak (Minotaur Delver)                    Turns: 141, Time: 00:00:21

Health: -4/20      AC:  3    Str: 16    XL:     1   Next: 16%
Magic:  0/0        EV: 11    Int:  7    God:
Gold:   19         SH:  0    Dex: 11    Spells: 0/0 levels left

rFire    . . .     SeeInvis .   a - +0 hand axe
rCold    . . .     Faith    .   (no shield)
rNeg     . . .     Spirit   .   b - +0 leather armour
rPois    .         Reflect  .   (helmet restricted)
rElec    .         Harm     .   (no cloak)
rCorr    .         Rampage  .   (no gloves)
Will     .....                  (no boots)
Stlth    ++........             (no amulet)
HPRegen  0.06/turn              (no ring)
MPRegen  0.07/turn              (no ring)

@: no status effects
A: horns 2, retaliatory headbutt
a: no special abilities


You were on level 3 of the Dungeon.
You visited 1 branch of the dungeon, and saw 3 of its levels.

You collected 19 gold pieces.

Inventory:

Hand Weapons
 a - a +0 hand axe (weapon)
Armour
 b - a +0 leather armour (worn)
Wands
 g - a wand of digging (3)
Scrolls
 c - a scroll of fog
 d - a scroll of magic mapping
 e - a scroll of fear
Potions
 f - a potion of haste


   Skills:
 + Level 3.7 Fighting
 + Level 2.4 Axes
 + Level 2.1 Dodging
 + Level 4.1 Stealth


You couldn't memorise any spells.
You didn't know any spells.
Your spell library was empty.

Dungeon Overview and Level Annotations

Branches:
Dungeon (5/15)
 Temple: D:4-7

Altars:

Annotations:
D:3 Terence


Innate Abilities, Weirdness & Mutations

You have a pair of horns on your head.
You reflexively headbutt those who attack you in melee.


Message History

An orc priest comes into view.
It is wielding a +0 short sword. 2 orcs and an orc wizard come into view.
Found 17 gold pieces.
The orc priest shouts!
You hear a shout!
A quokka comes into view.
The orc priest miscasts a cantrip.
Terence the Incautious comes into view.
He is wielding a +0 short sword.
Found a scratched sapphire ring.
Terence shouts!
A dart slug comes into view.
You hit Terence.
Terence is moderately wounded.
Terence says, "Time to say good-bye..."
Terence closely misses you.
You hit Terence but do no damage.
Terence is moderately wounded.
Terence barely misses you. You furiously retaliate!
You headbutt Terence, but do no damage. You hit Terence but do no damage.
Terence is moderately wounded.
You hit the orc priest but do no damage.
Terence hits you with a +0 short sword.
The orc priest hits you with a +0 short sword.
You closely miss Terence.
Terence is moderately wounded.
You closely miss the orc priest. You closely miss the quokka.
The quokka barely misses you.
Terence bares his teeth.
Terence closely misses you.
The orc priest hits you with a +0 short sword.
The quokka bites you.
* * * LOW HITPOINT WARNING * * *
You hit Terence. Your headbutt misses Terence.
Terence is moderately wounded.
You hit the quokka. You barely miss the orc priest. Terence closely misses you.
The quokka barely misses you.
The orc priest mumbles some strange prayers to Beogh against you.
Beogh smites you!
Ouch! That really hurt!
You die...

########################
..................o.....
#............#######.###
#............# #.#
#.....r.o....# #.#
#.=..w@@.....# #.#
.####.######## ... #
..o.. .o..... ........
#.o...... #...o$...


You could see Terence, an orc priest, a dart slug and a quokka.

Vanquished Creatures
  A quokka (D:4)
1 creature vanquished.

Notes
Turn   | Place    | Note
-------+----------+-------------------------------------------
     0 | D:5      | cbfl8 the Minotaur Delver began the quest for the Orb.
     0 | D:5      | Reached XP level 1. HP: 19/19 MP: 0/0
   115 | D:3      | Noticed an orc priest
   116 | D:3      | Noticed an orc wizard
   133 | D:3      | Noticed Terence
   141 | D:3      | Killed from afar by an orc priest

Illustrated notes

Levels and vault maps discovered:
D:3:      layout_basic, shapermc_ecumenical_altar_notcrosses, uniq_terence,
          uniq_purgy
D:4:      layout_loops_ring, hex_tiny, dk_noncrumbling_2
D:5:      layout_rooms, temple_doors_cd, portal_sewer_entry_c, uniq_ijyb,
          uniq_sigmund

Action                   || total
-------------------------++-------
Melee: Hand axe          ||    12
       Headbutt          ||     1
Armor: Leather armour    ||     1
Dodge: Dodged            ||    11
